AoeStats
← old f1sh

Arena

509342541Analyzed
4v4 RM · 6d ago on Sep 26, 2026· 59m 32s· 8 players
Game mode
Random Map
Map size
Large (8 player)
Population
200
Speed
Normal
Resources
Standard
Victory
Conquest
Starting age
Dark Age
Ending age
Imperial Age
RankedLock teamsTeams togetherTeam positionsShared explorationLock speedFull tech treeHidden civsTurbo modeCheats
Victory
Defeat
🇹🇷 Teutons · Türkiye
1518
+15
🇩🇪 Varangians · Germany
1476
+16
1474
+16
🇹🇷 Persians · Türkiye
1450
+17
🇨🇳 Spanish · China
1598
-20
🇨🇳 Danes · China
1483
-16
🇨🇳 Cumans · China
1481
-16
🇬🇧 Saxons · United Kingdom
1377
-12
Mumulover
10:19 Feudal Age
13:59 Castle Age
12:21 Double-Bit Axe
12:18 Horse Collar
15:23 Wheelbarrow
20:03 Bow Saw
21:31 Gold Mining
22:10 Stone Mining
23:24 Hand Cart
29:16 Imperial Age
27:33 Scale Barding Armor
27:39 Forging
26:52 Vendel Legacy
28:25 Heavy Plow
28:43 Bloodlines
28:33 Husbandry
29:37 Chain Barding Armor
32:41 Cavalier
33:58 Iron Casting
35:39 Plate Barding Armor
36:05 Blast Furnace
41:54 Light Cavalry
47:29 Fletching
47:39 Padded Archer Armor
47:47 Elite Skirmisher
48:26 Bodkin Arrow
49:13 Imperial Skirmisher
49:54 Bracer
50:10 Leather Archer Armor
53:25 Ring Archer Armor
53:43 Hussar
56:32 Stone Shaft Mining
56:07 Scale Mail Armor
56:56 Caravan
58:04 Ballistics
59:59 Chemistry
Kaii
8:15 Feudal Age
6:41 Loom
9:53 Fletching
16:39 Double-Bit Axe
17:28 Town Watch
21:33 Wheelbarrow
24:19 Castle Age
25:12 Bow Saw
31:40 Imperial Age
30:41 Horse Collar
31:33 Heavy Plow
31:41 Gold Mining
33:38 Forging
33:28 Scale Mail Armor
36:38 Iron Casting
36:18 Chain Mail Armor
36:40 Gambesons
36:55 Squires
36:40 Arson
38:29 Hand Cart
37:58 Elite Teutonic Knight
39:11 Stone Mining
39:46 Chain Mail Armor
41:05 Blast Furnace
42:26 Plate Mail Armor
45:33 Bodkin Arrow
46:33 Ballistics
47:13 Chemistry
46:16 Padded Archer Armor
51:43 Leather Archer Armor
52:10 Conscription
51:51 Elite Skirmisher
53:06 Ring Archer Armor
53:22 Town Patrol
JUST A TURK
11:00 Feudal Age
12:02 Double-Bit Axe
12:42 Loom
15:00 Castle Age
13:31 Gold Mining
13:25 Horse Collar
17:27 Loom
24:14 Wheelbarrow
23:28 Town Watch
26:33 Gold Shaft Mining
26:09 Bow Saw
26:02 Heavy Plow
26:36 Hand Cart
30:23 Imperial Age
28:01 Scale Barding Armor
28:17 Forging
28:08 Stone Mining
28:53 Bloodlines
29:04 Chain Barding Armor
28:58 Husbandry
30:20 Iron Casting
31:39 Chemistry
31:17 Plate Barding Armor
30:03 Cavalier
31:06 Stone Mining
32:26 Blast Furnace
32:41 Two-Man Saw
32:11 Crop Rotation
31:29 Savar
37:40 Guilds
41:10 Heavy Camel Rider
42:58 Stone Mining
46:35 Conscription
57:34 Hoardings
56:56 Fletching
58:39 Coinage
58:11 Caravan
叫我靓仔啊 扑街
10:03 Feudal Age
14:07 Castle Age
12:31 Double-Bit Axe
13:08 Gold Mining
14:49 Scale Mail Armor
15:35 Squires
16:37 Loom
docsparkles
10:35 Feudal Age
8:57 Loom
10:45 Feudal Age
12:56 Double-Bit Axe
15:50 Castle Age
24:27 Wheelbarrow
25:35 Squires
26:38 Arson
27:14 Bow Saw
28:24 Scale Mail Armor
28:35 Forging
28:24 Horse Collar
33:28 Imperial Age
31:35 Heavy Plow
31:39 Town Watch
31:30 Pikeman
34:44 Conscription
35:46 Two-Man Saw
36:16 Fletching
36:27 Padded Archer Armor
36:54 Ballistics
37:35 Chemistry
36:51 Fortified Wall
36:08 Cranequins
37:23 Bodkin Arrow
37:44 Thumb Ring
40:51 Hand Cart
50:32 Halberdier
54:12 Bracer
54:31 Leather Archer Armor
old f1sh
10:58 Feudal Age
14:35 Castle Age
12:50 Double-Bit Axe
13:05 Horse Collar
24:45 Bow Saw
26:50 Gold Mining
27:01 Heavy Plow
29:12 Wheelbarrow
31:24 Imperial Age
29:38 Padded Archer Armor
31:10 Leather Archer Armor
32:11 Husbandry
32:28 Bloodlines
31:40 Elite Conquistador
32:41 Conscription
35:07 Hand Cart
35:46 Ring Archer Armor
37:22 Light Cavalry
40:26 Loom
42:36 Masonry
45:48 Fortified Wall
46:46 Fletching
47:28 Architecture
51:36 Supremacy
56:11 Chemistry
55:31 Ballistics
55:28 Town Watch
55:53 Pikeman
56:34 Squires
56:50 Murder Holes
V我50%匡扶汉室
8:45 Feudal Age
9:45 Double-Bit Axe
10:03 Horse Collar
14:26 Wheelbarrow
16:58 Gold Mining
21:25 Castle Age
21:09 Bloodlines
21:21 Scale Barding Armor
21:27 Forging
25:17 Hand Cart
26:19 Chain Barding Armor
27:02 Gold Shaft Mining
28:48 Bow Saw
28:42 Heavy Plow
28:35 Stone Mining
33:02 Imperial Age
30:21 Loom
33:35 Iron Casting
33:25 Cavalier
34:47 Fletching
34:57 Padded Archer Armor
34:45 Elite Kipchak
34:53 Paladin
36:14 Plate Barding Armor
36:43 Blast Furnace
42:05 Conscription
41:54 Padded Archer Armor
41:51 Bodkin Arrow
41:28 Pikeman
42:09 Squires
41:54 Arson
43:06 Light Cavalry
涅槃重生
10:19 Feudal Age
14:45 Castle Age
13:47 Stone Mining
14:12 Double-Bit Axe
14:27 Loom
16:32 Fletching
25:31 Scale Mail Armor
26:38 Chain Mail Armor
33:49 Forging
35:03 Horse Collar
39:36 Imperial Age
38:02 Iron Casting
38:39 Wheelbarrow
37:50 Town Watch
39:48 Arson
40:04 Squires
39:49 Gambesons
40:50 Plate Mail Armor
41:20 Blast Furnace
39:43 Elite Varangian Guard
40:04 Elite Varangian Guard
41:11 Hand Cart
42:41 Gold Mining
46:01 Capped Ram
47:27 Heavy Plow
49:10 Conscription
50:11 Pikeman
51:08 Halberdier
Connection lost

Rejoining the realm…

Still unreachable

The connection could not be restored.

Session expired

The server has moved on; the page needs a fresh start.